 Dungeon Crawl Stone Soup version 0.19-b1-4-gd8a0a2a (webtiles) character file.

385 vev the Sneak (level 6, -1/47 HPs)
             Began as a Mummy Enchanter on Oct 30, 2016.
             Was an Initiate of Kikubaaqudgha.
             Slain by an iguana (14 damage)
             ... on level 4 of the Dungeon.
             The game lasted 00:13:08 (4798 turns).

vev the Sneak (Mummy Enchanter)                     Turns: 4798, Time: 00:13:08

Health: -1/47      AC: 11    Str: 11    XL:     6   Next: 48%
Magic:  4/9        EV: 13    Int: 15    God:    Kikubaaqudgha [......]
Gold:   156        SH:  0    Dex: 14    Spells: 2 memorised, 6 levels left

rFire  . . .     SeeInvis .     g - +0 flail (protect)
rCold  + + .     Gourm    .     b - +1 robe
rNeg   + + +     Faith    +     (no shield)
rPois  ∞         Spirit   .     (no helmet)
rElec  .         Reflect  .     (no cloak)
rCorr  .         Harm     .     (no gloves)
MR     .....                    f - +0 pair of boots (curse)
Stlth  +++.......               s - amulet of faith
                                r - ring of protection from cold
                                l - ring of protection from fire

@: protection aura, very slightly contaminated
A: no food or potions, fire vulnerability, cold resistance 1, negative energy
resistance 3, torment resistance, unbreathing
a: Renounce Religion


You were on level 4 of the Dungeon.
You worshipped Kikubaaqudgha.
Kikubaaqudgha was noncommittal.
You were not hungry.

You visited 2 branches of the dungeon, and saw 5 of its levels.

You collected 156 gold pieces.

Inventory:

Hand Weapons
 a - a +1 dagger
 g - a +0 flail of protection (weapon)
 q - a +1 dagger of pain
 t - a +0 long sword
Armour
 b - a +1 robe (worn)
 f - a cursed +0 pair of boots (worn)
 m - a +0 ring mail
Jewellery
 l - a ring of protection from fire (left hand)
 r - a ring of protection from cold (right hand)
 s - an amulet of faith (around neck)
Scrolls
 d - 3 scrolls of blinking
 e - 4 scrolls of recharging
 h - 3 scrolls of magic mapping
 i - a scroll of remove curse
 j - a scroll of amnesia
 k - a scroll of teleportation
 n - a scroll of fog {unknown}
 o - a scroll of noise {unknown}
 p - a scroll of random uselessness {unknown}
Books
 c - a book of Maledictions

   Spells                             Type                      Level
   a - Corona                         Hexes                        1
   b - Ensorcelled Hibernation        Hexes/Ice                    2
   c - Confuse                        Hexes                        3
   d - Tukima's Dance                 Hexes                        3
   e - Dazzling Spray                 Conjuration/Hexes            3


   Skills:
 + Level 3.3 Fighting
 - Level 0.7 Short Blades
 + Level 3.5 Dodging
 + Level 3.9 Stealth
 - Level 2.0 Spellcasting
 - Level 3.1 Hexes
 + Level 0.8 Necromancy


You had 6 spell levels left.
You knew the following spells:

 Your Spells              Type           Power        Failure   Level  Hunger
a - Corona                Hex            ##.....      8%          1    N/A
e - Ensorcelled Hibernat  Hex/Ice        #.....       17%         2    N/A

Dungeon Overview and Level Annotations

Branches:
Dungeon (4/15)             Temple (1/1) D:4

Altars:
Ashenzari
Cheibriados
Dithmenos
Elyvilon
Fedhas
Gozag
Hepliaklqana
Kikubaaqudgha
Makhleb
Nemelex Xobeh
Okawaru
Qazlal
Ru
Sif Muna
Trog
Uskayaw
Vehumet
Xom
Yredelemnul
Zin
The Shining One


Innate Abilities, Weirdness & Mutations

You do not eat or drink.
Your flesh is vulnerable to fire.
You are immune to poison.
Your flesh is cold resistant. (rC+)
You are immune to negative energy. (rN+++)
You are immune to unholy pain and torment.
You can survive without breathing.


Message History

Press: ? - help, Shift-Dir - straight line, f - iguana
Aim: an iguana (chance to defeat MR: 54%)
The iguana is outlined in light.
The iguana closely misses you.
You thump the iguana!
The iguana is heavily wounded.
The iguana bites you!
* * * LOW HITPOINT WARNING * * *
The iguana barely misses you.
You hit the iguana.
The iguana is almost dead.
The iguana closely misses you.
You hit the iguana but do no damage.
The iguana is almost dead.
The iguana bites you.
* * * LOW HITPOINT WARNING * * *
You barely miss the iguana.
The iguana is almost dead.
The iguana stops glowing.
The iguana bites you!
You die...
Kikubaaqudgha rasps: "You have failed me!
Welcome... oblivion!"

... ... #.# #.# #<# #.#
#l# #@# #.# #.#
##########.#
#........#.##
#######.######....#
#.......# #..<........#
#.####†.###.##....#...#
#.##........##.#.######


You could see an iguana.

Vanquished Creatures
  An ogre (D:3)
  A hound (D:4)
  An orc wizard (D:3)
  Natasha (thrice) (D:3)
  2 worker ants (D:4)
  3 adders
  2 oozes
  2 dart slugs (D:1)
  5 leopard geckos
  5 orcs
  10 bats
  4 giant cockroaches
  10 hobgoblins
  A jackal (D:1)
  2 quokkas (D:2)
  A ball python (D:1)
  5 frilled lizards
  4 goblins
  7 kobolds
  11 rats
80 creatures vanquished.

Notes
Turn   | Place    | Note
-------+----------+-------------------------------------------
     0 | D:1      | vev the Mummy Enchanter began the quest for the Orb.
     0 | D:1      | Reached XP level 1. HP: 13/13 MP: 3/3
   244 | D:1      | HP: 1/14 [hobgoblin/club (3)]
   606 | D:1      | Reached XP level 2. HP: 11/20 MP: 1/5
   803 | D:1      | Reached skill level 1 in Fighting
  1101 | D:1      | Reached skill level 2 in Dodging
  1154 | D:1      | Reached skill level 3 in Hexes
  1163 | D:1      | Learned a level 2 spell: Ensorcelled Hibernation
  1391 | D:1      | Reached XP level 3. HP: 20/26 MP: 0/6
  2271 | D:3      | Reached XP level 4. HP: 30/32 MP: 5/7
  2329 | D:3      | Found a faded altar of an unknown god.
  2370 | D:3      | Reached skill level 3 in Stealth
  2590 | D:3      | Reached skill level 2 in Fighting
  2632 | D:3      | Noticed Natasha
  2643 | D:3      | Killed Natasha
  2863 | D:3      | Noticed Natasha
  2879 | D:3      | HP: 2/33 [Natasha (6)]
  2880 | D:3      | Killed Natasha
  2880 | D:3      | Reached XP level 5. HP: 2/39 MP: 8/8
  3199 | D:3      | Noticed Natasha
  3208 | D:3      | Killed Natasha
  3208 | D:3      | Reached skill level 3 in Dodging
  3624 | D:4      | Found a staircase to the Ecumenical Temple.
  3624 | D:4      | Noticed an ogre
  3661 | D:3      | Killed an ogre
  3661 | D:3      | Reached skill level 3 in Fighting
  3661 | D:3      | Reached XP level 6. HP: 15/47 MP: 7/9
  3883 | Temple   | Entered the Ecumenical Temple
  3991 | Temple   | Became a worshipper of Kikubaaqudgha
  4798 | D:4      | Slain by an iguana

Skill      XL: |  1  2  3  4  5 |
---------------+----------------+-----
Fighting       | 1 2 3 |  3.3
Dodging        | 2 3 |  3.5
Hexes          | 3 |  3.1
Stealth        | 3 |  3.9
Short Blades   | |  0.7
Spellcasting   | |  2.0
Necromancy     | |  0.8

Action                   |  1- 3 |  4- 6 || total
-------------------------+-------+-------++-------
Melee: Dagger            |   126 |    51 ||   177
       Flail             |    37 |   114 ||   151
 Cast: Corona            |    25 |    33 ||    58
  Use: Scroll            |     6 |     1 ||     7
 Stab: Sleeping          |    11 |     7 ||    18
       Distracted        |     1 |     1 ||     2
Armor: Robe              |    51 |    52 ||   103
Dodge: Dodged            |   117 |   120 ||   237
